 Dungeon Crawl Stone Soup version 0.28.0-43-g3370ac3207 (webtiles) character file.

Game seed: 18091050642271913222

22 fknight the Chopper (level 2, -5/27 HPs)
             Began as a Hill Orc Monk on Feb 28, 2022.
             Slain by a gnoll
             ... wielding a +0 flail
              (7 damage)
             ... on level 2 of the Dungeon.
             The game lasted 00:02:17 (958 turns).

fknight the Chopper (Hill Orc Monk)                  Turns: 958, Time: 00:02:18

Health: -5/27      AC:  2    Str: 13    XL:     2   Next: 91%
Magic:  2/2        EV: 12    Int: 10    God:
Gold:   12         SH:  0    Dex: 13    Spells: 1/1 levels left

rFire   . . .      SeeInvis .   h - +3 mace
rCold   . . .      Faith    .   (no shield)
rNeg    . . .      Spirit   .   b - +0 robe
rPois   .          Reflect  .   (no helmet)
rElec   .          Harm     .   (no cloak)
rCorr   .          Rampage  .   (no gloves)
Will    .....                   (no boots)
Stlth   ++........              (no amulet)
HPRegen 0.09/turn               (no ring)
MPRegen 0.08/turn               (no ring)

@: attractive
A: no striking features
a: no special abilities


You were on level 2 of the Dungeon.
You visited 1 branch of the dungeon, and saw 2 of its levels.

You collected 12 gold pieces.

Inventory:

Hand Weapons
 a - a +0 hand axe
 h - a +3 mace (weapon)
Missiles
 c - 17 bolts
 i - a stone (quivered)
Armour
 b - a +0 robe (worn)
Scrolls
 d - 4 scrolls of identify {unknown}
 g - a scroll of enchant weapon {unknown}
 k - a scroll of magic mapping {unknown}
Potions
 e - a potion of attraction
 f - a potion of cancellation {unknown}
 l - a potion of heal wounds {unknown}
 m - a potion of degeneration {unknown}


   Skills:
 + Level 4.0 Fighting
 + Level 4.3 Axes
 + Level 2.6 Dodging
 + Level 2.0 Stealth


You had one spell level left.
You didn't know any spells.
Your spell library was empty.

Dungeon Overview and Level Annotations

Branches:
Dungeon (2/15)

Altars:


Message History

Found a metallic black potion.
The helpless kobold fails to defend itself.
You hit the kobold.
The kobold is heavily wounded.
The kobold hits you with a +0 short sword.
You hit the kobold.
You kill the kobold!
Your Fighting skill increases to level 4!
i - 2 stones (gained 1)
Things that are here:
a +0 short sword; a kobold corpse
l - a brown potion HP restored.
m - a metallic black potion A rat comes into view.
You throw a stone.
The stone hits the rat but does no damage.
A gnoll comes into view. It is wielding a +0 flail.
There's something in the way.
Unknown command.
There's something in the way.
The gnoll shouts!
You hear an angry hiss.
You hit the gnoll but do no damage. The gnoll barely misses you.
The gnoll hits you with a +0 flail!
You hit the gnoll.
The gnoll is lightly wounded.
The gnoll hits you with a +0 flail.
You hit the gnoll but do no damage.
The gnoll is lightly wounded.
The gnoll hits you with a +0 flail!
* * * LOW HITPOINT WARNING * * *
It was a potion of attraction.
You feel attractive to monsters. The gnoll barely misses you.
It was a potion of curing.
You feel better. The gnoll hits you with a +0 flail!
* * * LOW HITPOINT WARNING * * *
You sock the gnoll!
The gnoll is severely wounded.
The gnoll hits you with a +0 flail!
You die...

##.#####...#.#####
#.........#
#.#.####### #.#.#
#.#.# #.#.# #.#.#
#.#.# #@#.# #g#
#.# #..# ..### #.#
..g #r#. ...#


You could see a gnoll.

Vanquished Creatures
  5 endoplasms (D:1)
  A giant cockroach (D:1)
  3 kobolds
  A quokka (D:1)
  A ball python (D:1)
  3 bats (D:1)
  A frilled lizard (D:1)
  2 goblins (D:1)
  4 rats (D:1)
21 creatures vanquished.

Notes
Turn   | Place    | Note
-------+----------+-------------------------------------------
     0 | D:1      | fknight the Hill Orc Monk began the quest for the Orb.
     0 | D:1      | Reached XP level 1. HP: 19/19 MP: 1/1
     5 | D:1      | Noticed a minotaur
     5 | D:1      | Noticed a demigod
     7 | D:1      | Noticed a vine stalker
     7 | D:1      | Noticed a vampire
     9 | D:1      | Noticed a spriggan
    11 | D:1      | Noticed an octopode
    13 | D:1      | Noticed a demonspawn
    15 | D:1      | Noticed a naga
    15 | D:1      | Noticed a merfolk
    38 | D:1      | Noticed an elf
    38 | D:1      | Noticed a troll
    40 | D:1      | Noticed a draconian
    40 | D:1      | Noticed a dwarf
    42 | D:1      | Noticed a ghoul
    42 | D:1      | Noticed a formicid
    44 | D:1      | Noticed a tengu
    44 | D:1      | Noticed a gargoyle
    46 | D:1      | Noticed an ogre
    48 | D:1      | Noticed a felid
    50 | D:1      | Noticed a human
   227 | D:1      | Reached XP level 2. HP: 25/27 MP: 2/2
   955 | D:2      | HP: 1/27 [gnoll/+0 flail (13)]
   958 | D:2      | Slain by a gnoll

Illustrated notes

Levels and vault maps discovered:
D:1:      kb_arrival_jail, layout_loops_ring
D:2:      layout_basic, nicolae_concentric_dashed_squares_wild,
          kennysheep_potato

Skill      XL: |  1  2 |
---------------+-------+-----
Stealth        | 2 |  2.0
Fighting       | 4 |  4.0
Axes           | |  4.3
Dodging        | |  2.6

Action                   || total
-------------------------++-------
Melee: Hand axe          ||    28
       Mace              ||    26
Throw: Stone             ||     1
  Use: Potion            ||     2
 Stab: Sleeping          ||     3
Armor: Robe              ||    14
Dodge: Dodged            ||    43
